 Dungeon Sprint DCSS version 0.30.1 (webtiles) character file.

Game seed: 11253819351599255562

11500000 BreadTh the Axe Maniac (level 27, -18/174 HPs)
             Began as a Spriggan Brigand on July 11, 2023.
             Was the Champion of Makhleb.
             Killed from afar by a scourge (27 damage)
             ... with a bolt of poison
             ... in the Dungeon (Sprint VIII: "Arena of Blood").
             The game lasted 00:09:42 (115 turns).

BreadTh the Axe Maniac (Spriggan Brigand)            Turns: 115, Time: 00:09:45

Health: -18/174    AC:  6    Str:  7    XL:     27
Magic:  34/55      EV: 53    Int: 15    God:    Makhleb [******]
Gold:   0          SH:  0    Dex: 28    Spells: 80/80 levels left

rFire   . . .        l - +∞ Axe of Woe
rCold   . . .        (shield currently unavailable)
rNeg    . . .        b - +0 robe
rPois   .            (helmet restricted)
rElec   .            c - +0 cloak
rCorr   .            (gloves unavailable)
SInv    +            (boots unavailable)
Will    ++++.        (no amulet)
Stlth   ++++++++++   (no ring)
HPRegen 0.49/turn    (no ring)
MPRegen 0.34/turn

%: no teleportation
@: lethally poisoned (-18 -> -57), slowed, quick
A: very small, no large weapons, unfitting armour, see invisible, speed 3
a: Renounce Religion, Minor Destruction, Lesser Servant of Makhleb, Major
Destruction, Greater Servant of Makhleb


You were in the Dungeon.
You worshipped Makhleb.
Makhleb was exalted by your worship.
You visited 1 branch

Inventory:

Hand Weapons
 l - the +∞ Axe of Woe (weapon)
   (You found it in the Dungeon)
Missiles
 d - 9 poisoned darts (quivered)
 e - 3 curare-tipped darts
Armour
 b - a +0 robe (worn)
 c - a +0 cloak (worn)
Jewellery
 a - a ring of see invisible
 m - a ring of protection from fire
Scrolls
 k - a scroll of blinking
Potions
 f - a potion of curing
 g - a potion of heal wounds
 h - a potion of haste
 i - 2 potions of magic
 j - a potion of berserk rage


   Skills:
 O Level 27 Fighting
 O Level 27 Short Blades
 O Level 27 Long Blades
 O Level 27 Axes
 O Level 27 Maces & Flails
 O Level 27 Polearms
 O Level 27 Staves
 O Level 27 Ranged Weapons
 O Level 27 Throwing
 O Level 27 Armour
 O Level 27 Dodging
 O Level 27 Stealth
 O Level 27 Shields
 O Level 27 Unarmed Combat
 O Level 27 Spellcasting
 O Level 27 Conjurations
 O Level 27 Hexes
 O Level 27 Summonings
 O Level 27 Necromancy
 O Level 27 Translocations
 O Level 27 Transmutations
 O Level 27 Fire Magic
 O Level 27 Ice Magic
 O Level 27 Air Magic
 O Level 27 Earth Magic
 O Level 27 Poison Magic
 O Level 27 Invocations
 O Level 27 Evocations


You had 80 spell levels left.
You didn't know any spells.
Your spell library was empty.

Dungeon Overview and Level Annotations

Branches:
Dungeon (1/1)

Altars:
Makhleb


Innate Abilities, Weirdness & Mutations

You are very small and have problems with some larger weapons.
You are too small for most types of armour.
You have supernaturally acute eyesight. (SInv)
You cover ground extremely quickly. (Speed+++)


Message History

The dread is engulfed in blazing flames.
You hear a shout!
The dread is engulfed in blazing flames.
The dread calls on the powers of darkness!
The meat berserker convulses!
The bag of meat convulses!
Your body is wracked with pain!
* * * LOW HITPOINT WARNING * * *
You hear a shout!
You hit the dread but do no damage.
You slaughter the dread joyfully.
You destroy the dread!
Makhleb accepts your kill.
You hit the dread but do no damage.
You hew the dread savagely.
You destroy the dread!
Makhleb accepts your kill.
You feel better.
You slash the bag of meat!
You cleave the bag of meat in twain.
You kill the bag of meat!
Makhleb accepts your kill.
You feel better.
You are engulfed in blazing flames.
The meat berserker is engulfed in blazing flames.
You hear a shout! x5
A bag of meat comes into view. It is wielding a +9 war axe.
A destroyer comes into view. It is wielding a +9 heavy great sword.
The meat berserker is engulfed in blazing flames.
The meat berserker hits you with a +9 battleaxe!!!
* * * LOW HITPOINT WARNING * * *
The meat berserker rages.
A destroyer comes into view. It is wielding a +9 heavy great sword.
You hear a shout! x2
The eight-headed meat hydra calls on the powers of darkness!
The eight-headed meat hydra convulses!
The bag of meat convulses! x3
The scourge convulses!
The meat berserker convulses!
The large bag of meat convulses!
Flame seeps out of the large bag of meat.
The meat berserker convulses! x2; Your body is wracked with pain!
* * * LOW HITPOINT WARNING * * *
The scourge throws poison at you. The bolt of poison hits you!!
You are lethally poisoned!
You die...

#...o#..V
#...o...V
#......D.
#........
#.S...o .#
#...O# ..
#OO..##..
#@O§..#.. .
#○)☼...# ..
#°§°..##. ..
#○)..#S.. ..
#))..#... ..
#.)...... .#
#))...... ..
#))...... ..
#)).......#o..
..


You could see an eight-headed meat hydra, 2 destroyers, 2 scourges, a large bag
of meat (inner flame), 3 meat berserkers and 3 bags of meat.

Vanquished Creatures
  5 hell beasts (D)
  3 royal mummies (D)
  5 great orbs of eyes (D)
  2 wraiths (D)
  15 vampire knights (D)
  32 ogres (D)
  5 two-headed ogres (D)
  4 liches (D)
  A hydra (D)
  4 phantoms (D)
  63 orcs (D)
  2 skeletal warriors (D)
141 creatures vanquished.

Notes
Turn   | Place    | Note
-------+----------+-------------------------------------------
     0 | D        | Found the +∞ Axe of Woe
     0 | D        | BreadTh the Spriggan Brigand began the quest for the Orb.
     0 | D        | Reached XP level 1. HP: 10/10 MP: 2/2
     2 | D        | Noticed a bag of meat
     5 | D        | Became a worshipper of Makhleb the Destroyer
     5 | D        | Noticed a bag of meat
     7 | D        | Noticed a bag of meat
     7 | D        | Noticed a bag of meat
     7 | D        | Noticed a meat berserker
     8 | D        | Noticed a bag of meat
     8 | D        | Noticed a bag of meat
     9 | D        | Noticed a bag of meat
     9 | D        | Noticed a bag of meat
    10 | D        | Noticed a bag of meat
    11 | D        | Noticed a bag of meat
    11 | D        | Noticed a bag of meat
    11 | D        | Noticed a bag of meat
    11 | D        | Noticed a bag of meat
    12 | D        | Noticed a meat berserker
    12 | D        | Killed a bag of meat
    12 | D        | Noticed a meat berserker
    12 | D        | Noticed a large bag of meat
    12 | D        | Noticed a bag of meat
    12 | D        | Noticed a bag of meat
    12 | D        | Noticed a bag of meat
    13 | D        | Reached XP level 2. HP: 14/14 MP: 3/3
    13 | D        | Reached XP level 3. HP: 18/18 MP: 4/4
    13 | D        | Reached XP level 4. HP: 22/22 MP: 5/5
    13 | D        | Reached XP level 5. HP: 25/25 MP: 6/6
    13 | D        | Reached XP level 6. HP: 30/30 MP: 7/7
    13 | D        | Reached XP level 7. HP: 33/33 MP: 8/8
    13 | D        | Reached XP level 8. HP: 37/37 MP: 9/9
    13 | D        | Reached XP level 9. HP: 41/41 MP: 10/10
    13 | D        | Reached XP level 10. HP: 46/46 MP: 11/11
    13 | D        | Killed a bag of meat
    13 | D        | Reached * piety under Makhleb
    13 | D        | Noticed a bag of meat
    13 | D        | Noticed a bag of meat
    13 | D        | Noticed a large bag of meat
    13 | D        | Noticed a bag of meat
    13 | D        | Noticed a bag of meat
    13 | D        | Noticed a bag of meat
    14 | D        | Reached XP level 11. HP: 49/49 MP: 12/12
    14 | D        | Noticed a bag of meat
    14 | D        | Noticed a bag of meat
    14 | D        | Noticed a meat berserker
    14 | D        | Noticed a meat berserker
    15 | D        | Killed a bag of meat
    15 | D        | Killed a bag of meat
    15 | D        | Killed a meat berserker
    15 | D        | Reached ** piety under Makhleb
    15 | D        | Noticed a meat berserker
    15 | D        | Noticed a meat berserker
    15 | D        | Noticed a meat berserker
    16 | D        | Reached skill level 10 in Fighting
    16 | D        | Reached XP level 12. HP: 69/69 MP: 12/22
    16 | D        | Reached XP level 13. HP: 73/73 MP: 12/23
    16 | D        | Noticed a bag of meat
    16 | D        | Noticed a bag of meat
    17 | D        | Killed a bag of meat
    17 | D        | Killed a bag of meat
    17 | D        | Killed a bag of meat
    17 | D        | Reached *** piety under Makhleb
    18 | D        | Reached skill level 15 in Invocations
    18 | D        | Reached XP level 14. HP: 82/82 MP: 12/26
    18 | D        | Noticed a meat berserker
    19 | D        | Killed a bag of meat
    19 | D        | Killed a bag of meat
    19 | D        | Killed a meat berserker
    19 | D        | Reached **** piety under Makhleb
    20 | D        | Reached skill level 10 in Armour
    20 | D        | Reached XP level 15. HP: 91/91 MP: 12/29
    20 | D        | Killed a large bag of meat
    20 | D        | Killed a meat berserker
    20 | D        | Killed a meat berserker
    21 | D        | Reached skill level 27 in Axes
    21 | D        | Reached XP level 16. HP: 65/103 MP: 12/32
    21 | D        | Reached ***** piety under Makhleb
    21 | D        | Noticed a meat berserker
    21 | D        | Noticed a meat berserker
    22 | D        | Reached XP level 17. HP: 96/110 MP: 12/34
    22 | D        | Killed a meat berserker
    22 | D        | Killed a meat berserker
    22 | D        | Killed a meat berserker
    23 | D        | Reached skill level 27 in Stealth
    23 | D        | Reached skill level 27 in Invocations
    23 | D        | Reached XP level 18. HP: 108/122 MP: 12/36
    23 | D        | Noticed a meat berserker
    24 | D        | Noticed a meat berserker
    26 | D        | Noticed a meat berserker
    28 | D        | Noticed a large bag of meat
    30 | D        | Noticed an eight-headed meat hydra
    30 | D        | Noticed an eight-headed meat hydra
    30 | D        | Noticed a meat berserker
    33 | D        | Killed a meat berserker
    34 | D        | Reached skill level 27 in Dodging
    35 | D        | Noticed a destroyer
    35 | D        | Reached ****** piety under Makhleb
    36 | D        | Killed a nine-headed meat hydra
    36 | D        | Noticed a destroyer
    36 | D        | Noticed a destroyer
    37 | D        | Reached skill level 27 in Fighting
    37 | D        | Noticed a destroyer
    39 | D        | Noticed a destroyer
    40 | D        | Killed a destroyer
    40 | D        | Killed a meat berserker
    40 | D        | Noticed a destroyer
    41 | D        | Reached skill level 27 in Armour
    41 | D        | Reached skill level 1 in Long Blades
    41 | D        | Reached skill level 1 in Maces & Flails
    41 | D        | Reached skill level 1 in Polearms
    41 | D        | Reached XP level 19. HP: 132/132 MP: 15/37
    42 | D        | Killed a destroyer
    42 | D        | Killed a meat berserker
    42 | D        | Killed a meat berserker
    43 | D        | Reached skill level 10 in Throwing
    44 | D        | Noticed a destroyer
    45 | D        | Noticed a tyrant
    46 | D        | Killed a destroyer
    46 | D        | Killed a tyrant
    47 | D        | Reached skill level 10 in Long Blades
    47 | D        | Reached skill level 10 in Maces & Flails
    47 | D        | Reached skill level 10 in Polearms
    47 | D        | Reached skill level 15 in Unarmed Combat
    47 | D        | Reached skill level 15 in Spellcasting
    47 | D        | Reached XP level 20. HP: 137/137 MP: 16/40
    49 | D        | Noticed a destroyer
    51 | D        | Noticed a destroyer
    52 | D        | Killed a meat berserker
    52 | D        | Killed a destroyer
    52 | D        | Killed a destroyer
    56 | D        | Noticed a destroyer
    56 | D        | Noticed a meat berserker
    56 | D        | Noticed a meat berserker
    56 | D        | Noticed a meat berserker
    56 | D        | Noticed an accursed
    56 | D        | Noticed a destroyer
    57 | D        | Noticed a meat berserker
    57 | D        | Noticed an accursed
    57 | D        | Killed a meat berserker
    57 | D        | Noticed a meat berserker
    57 | D        | Noticed a meat berserker
    58 | D        | Reached XP level 21. HP: 131/142 MP: 18/46
    58 | D        | Killed a destroyer
    59 | D        | Reached skill level 15 in Long Blades
    60 | D        | Noticed a meat beast
    60 | D        | Killed a destroyer
    61 | D        | Reached skill level 15 in Maces & Flails
    61 | D        | Reached skill level 15 in Polearms
    63 | D        | Killed a destroyer
    63 | D        | Killed a destroyer
    63 | D        | Killed a meat beast
    64 | D        | Reached skill level 27 in Unarmed Combat
    64 | D        | Reached skill level 27 in Spellcasting
    64 | D        | Reached XP level 22. HP: 148/148 MP: 19/54
    65 | D        | Killed an accursed
    66 | D        | Reached skill level 27 in Short Blades
    66 | D        | Reached XP level 23. HP: 138/153 MP: 20/55
    67 | D        | Noticed a destroyer
    67 | D        | Noticed a destroyer
    67 | D        | Noticed a destroyer
    68 | D        | Noticed a large bag of meat
    68 | D        | Noticed a large bag of meat
    69 | D        | Noticed a destroyer
    71 | D        | Killed a destroyer
    71 | D        | Noticed a meat beast
    71 | D        | Noticed a tyrant
    72 | D        | Reached skill level 27 in Throwing
    74 | D        | Reached skill level 27 in Long Blades
    74 | D        | Killed a destroyer
    74 | D        | Killed a destroyer
    75 | D        | Reached skill level 27 in Maces & Flails
    75 | D        | Reached skill level 27 in Polearms
    75 | D        | Reached XP level 24. HP: 158/158 MP: 22/55
    75 | D        | Killed a destroyer
    76 | D        | Killed a large bag of meat
    76 | D        | Noticed a meat beast
    77 | D        | Reached skill level 27 in Staves
    77 | D        | Reached skill level 5 in Translocations
    77 | D        | Reached XP level 25. HP: 134/163 MP: 22/55
    78 | D        | Reached skill level 10 in Hexes
    78 | D        | Killed a meat beast
    79 | D        | Reached skill level 10 in Summonings
    79 | D        | Reached skill level 15 in Transmutations
    79 | D        | Reached skill level 10 in Fire Magic
    79 | D        | Reached skill level 10 in Ice Magic
    79 | D        | Reached skill level 15 in Evocations
    79 | D        | Reached XP level 26. HP: 152/169 MP: 23/55
    80 | D        | Reached skill level 10 in Shields
    80 | D        | Reached skill level 10 in Conjurations
    81 | D        | Killed a meat beast
    82 | D        | Reached XP level 27. HP: 157/174 MP: 24/55
    83 | D        | Killed a large bag of meat
    83 | D        | Noticed a meat beast
    84 | D        | Reached skill level 15 in Summonings
    84 | D        | Reached skill level 15 in Fire Magic
    84 | D        | Reached skill level 15 in Ice Magic
    88 | D        | Reached skill level 15 in Shields
    88 | D        | Reached skill level 15 in Conjurations
    88 | D        | Killed a meat beast
    89 | D        | Reached skill level 27 in Translocations
    90 | D        | Noticed a tyrant
    91 | D        | Noticed an accursed
    91 | D        | Noticed a destroyer
    93 | D        | Reached skill level 27 in Transmutations
    93 | D        | Reached skill level 27 in Evocations
    93 | D        | Killed an accursed
    96 | D        | Reached skill level 27 in Hexes
    97 | D        | Killed a tyrant
    97 | D        | Killed a destroyer
    99 | D        | Killed a tyrant
   101 | D        | Reached skill level 27 in Ranged Weapons
   101 | D        | Reached skill level 27 in Poison Magic
   101 | D        | Noticed a tyrant
   102 | D        | Killed an accursed
   103 | D        | Killed a large bag of meat
   104 | D        | Killed a destroyer
   105 | D        | Reached skill level 27 in Necromancy
   105 | D        | Reached skill level 27 in Air Magic
   105 | D        | Reached skill level 27 in Earth Magic
   105 | D        | Noticed a large bag of meat
   107 | D        | Noticed a large bag of meat
   108 | D        | Reached skill level 27 in Summonings
   108 | D        | Reached skill level 27 in Fire Magic
   108 | D        | Reached skill level 27 in Ice Magic
   108 | D        | Noticed a dread
   108 | D        | Noticed a dread
   109 | D        | Reached skill level 27 in Shields
   109 | D        | Reached skill level 27 in Conjurations
   109 | D        | Killed a tyrant
   111 | D        | Noticed a meat beast
   111 | D        | Noticed a meat beast
   112 | D        | Killed a large bag of meat
   113 | D        | Noticed a dread
   114 | D        | Killed a meat beast
   115 | D        | Killed a dread
   115 | D        | Killed a dread
   115 | D        | Noticed a destroyer
   115 | D        | Noticed a destroyer
   115 | D        | Killed from afar by a scourge

Illustrated notes

Levels and vault maps discovered:
D:        meatsprint

Skill      XL: |  1  2  3  4  5  6  7  8  9 10 11 12 13 14 15 16 17 18 19 20 21 22 23 24 25 26 27 |
---------------+----------------------------------------------------------------------------------+-----
Axes           | 21 24 25 26 27 | 27.0
Fighting       | 10 13 16 19 21 24 27 | 27.0
Armour         | 6 8 10 12 13 16 27 | 27.0
Dodging        | 11 14 17 20 22 26 27 | 27.0
Stealth        | 14 17 20 24 26 27 | 27.0
Invocations    | 12 15 18 22 24 27 | 27.0
Short Blades   | 3 14 18 26 27 | 27.0
Long Blades    | 1 10 14 21 22 27 | 27.0
Maces & Flails | 1 10 13 19 21 27 | 27.0
Polearms       | 1 10 13 19 21 27 | 27.0
Unarmed Combat | 2 15 20 27 | 27.0
Spellcasting   | 2 15 20 27 | 27.0
Throwing       | 13 17 24 26 27 | 27.0
Staves         | 19 27 | 27.0
Ranged Weapons | 3 12 17 27 | 27.0
Shields        | 2 9 13 27 | 27.0
Conjurations   | 2 9 13 27 | 27.0
Hexes          | 4 14 20 27 | 27.0
Summonings     | 3 10 14 27 | 27.0
Necromancy     | 3 11 16 27 | 27.0
Translocations | 5 17 23 27 | 27.0
Transmutations | 4 15 21 27 | 27.0
Fire Magic     | 3 10 14 27 | 27.0
Ice Magic      | 3 10 14 27 | 27.0
Air Magic      | 3 11 16 27 | 27.0
Earth Magic    | 3 11 16 27 | 27.0
Poison Magic   | 3 12 17 27 | 27.0
Evocations     | 4 15 22 27 | 27.0

Action                     |  1- 3 |  4- 6 |  7- 9 | 10-12 | 13-15 | 16-18 | 19-21 | 22-24 | 25-27 || total
---------------------------+-------+-------+-------+-------+-------+-------+-------+-------+-------++-------
  Melee: Broad axe         |     1 |       |       |     2 |     3 |     6 |     8 |     6 |    30 ||    56
  Dodge: Dodged            |       |       |       |       |     2 |     1 |     1 |     2 |     9 ||    15
